Map: Romanticide LE

Players

SpeCial

  • Race: Terran Terran
  • Spawn Location: 5:00

Dark - Winner!

  • Race: Zerg Zerg
  • Spawn Location: 11:00

Event: IEM Katowice 2021

VOD

Have the link to the VOD?

Description

Time

  • Played on: Feb. 23, 2021, 12:30 p.m.
  • Length: 23:22

All games in this series

Show
View Real Time Build Order
Export as new Build Order

SpeCial Terran 

Build Orders:  

Get SALT Encoding   

  12  0:00  SCV  
  13  0:12  SCV  
  14  0:17  Supply Depot  
  14  0:24  SCV  
  15  0:39  SCV  
  15  0:40  Barracks  
  16  0:43  Refinery  
  16  0:51  SCV  
  17  0:59  Barracks  
  17  1:03  SCV  
  18  1:15  SCV  
  19  1:29  Reaper, Orbital Command  
  20  1:46  Reaper  
  21  1:47  Supply Depot  
  21  1:55  SCV  
  22  2:03  Reaper  
  23  2:09  SCV  
  23  2:12  Command Center  
  24  2:17  Refinery  
  24  2:18  Marine  
  24  2:21  SCV  
  26  2:27  Supply Depot  
  26  2:33  SCV  
  27  2:44  Factory  
  26  2:45  SCV  
  26  2:47  Marine x2  
  28  2:57  SCV  
  29  3:06  Marine x2  
  29  3:10  SCV  
  32  3:17  Command Center  
  32  3:24  SCV  
  32  3:25  Orbital Command  
  33  3:34  Starport  
  33  3:36  Factory Tech Lab  
  33  3:38  SCV  
  33  3:41  Barracks Reactor  
  34  3:50  SCV  
  34  3:52  SCV  
  36  3:58  Barracks Tech Lab  
  36  4:02  SCV  
  37  4:05  SCV  
  37  4:09  Factory Reactor  
  38  4:12  Barracks  
  38  4:14  SCV  
  38  4:15  Cloaking Field  
  38  4:16  Banshee  
  43  4:17  SCV, Marine  
  43  4:18  Marine  
  43  4:19  Marine  
  46  4:26  SCV  
  46  4:29  SCV  
  46  4:31  Orbital Command  
  48  4:36  Marine x2  
  48  4:37  Marine  
  48  4:38  SCV  
  52  4:40  Stimpack  
  52  4:41  SCV  
  53  4:47  Refinery  
  53  4:48  Refinery, Orbital Command  
  53  4:50  SCV  
  54  4:53  SCV  
  54  4:58  Banshee  
  54  4:59  Marine x3  
  59  5:02  SCV, Factory Reactor  
  59  5:05  SCV  
  62  5:12  Supply Depot  
  62  5:13  Supply Depot  
  62  5:14  SCV  
  62  5:16  SCV  
  62  5:17  SCV, Marine x2  
  62  5:18  Marine  
  62  5:20  Marine  
  69  5:33  Marine  
  69  5:34  SCV x3  
  73  5:37  Marine x2  
  73  5:39  Engineering Bay x2  
  73  5:41  Supply Depot  
  75  5:46  SCV x3  
  78  5:52  Barracks  
  78  5:54  Barracks  
  78  5:55  Marine x4  
  78  5:56  Marine  
  83  5:58  SCV x2, Supply Depot  
  83  6:02  Medivac x2, SCV  
  90  6:08  Siege Tank  
  93  6:12  Terran Infantry Weapons Level 1, Terran Infantry Armor Level 1  
  93  6:18  Supply Depot  
  93  6:19  SCV x3, Marine  
  93  6:21  Marine  
  93  6:23  Marine  
  99  6:32  SCV x3  
  102  6:35  Medivac x2  
  102  6:36  Combat Shield  
  106  6:42  Barracks Reactor x2  
  106  6:44  SCV, Supply Depot  
  107  6:48  Supply Depot, Siege Tank  
  107  6:49  SCV  
  107  6:51  SCV  
  107  6:53  Marine x3  
  115  6:56  Marine x2  
  117  7:06  SCV  
  117  7:08  SCV x2  
  120  7:09  Refinery  
  120  7:10  Factory, Refinery  
  120  7:11  Marine  
  120  7:12  Marine x2  
  120  7:14  Marine, Armory  
  123  7:17  Medivac  
  123  7:21  Marine x4  
  129  7:25  Marine  
  129  7:27  SCV x2  
  129  7:29  Marine  
  133  7:30  Supply Depot  
  133  7:31  Supply Depot  
  133  7:32  Supply Depot  
  133  7:46  Command Center  
  133  7:51  Marine x4  
  133  7:52  Marine x2  
  133  7:57  Marine x2  
  126  8:00  Marine  
  126  8:01  SCV  
  117  8:09  Marine x4  
  117  8:10  Marine, Siege Tank, Factory Tech Lab  
  125  8:16  SCV x3  
  125  8:17  Marine x2  
  125  8:18  Marine x2  
  125  8:19  Factory, Terran Infantry Armor Level 2, Terran Infantry Weapons Level 2  
  132  8:27  Marine x4  
  132  8:28  Marine, Missile Turret  
  132  8:29  Siege Tank  
  136  8:35  Liberator x2  
  136  8:37  Supply Depot  
  136  8:40  Marine  
  143  8:42  Siege Tank  
  143  8:44  Marine x2  
  135  8:49  Marine x2  
  135  8:50  Marine x2  
  135  8:51  Marine x2  
  141  8:57  Terran Vehicle Weapons Level 1  
  141  8:58  SCV, Marine  
  141  9:02  Marine x2  
  145  9:07  Marine x3  
  145  9:08  Marine  
  145  9:09  Marine  
  150  9:10  Marine  
  150  9:13  Siege Tank  
  150  9:15  Factory Tech Lab  
  150  9:16  Marine  
  155  9:20  Marine x2  
  155  9:21  Supply Depot  
  156  9:25  Marine x4  
  158  9:31  Marine x2, Missile Turret  
  158  9:34  Marine  
  158  9:37  Marine  
  158  9:38  Medivac x2  
  165  9:39  Siege Tank  
  165  9:45  Missile Turret  
  168  9:49  Marine  
  168  9:51  Siege Tank x2, Planetary Fortress  
  168  9:52  SCV x3  
  175  9:55  Marine  
  175  9:59  Marine  
  177  10:07  SCV  
  177  10:08  Medivac x2, SCV  
  177  10:11  Marine x2  
  177  10:12  Supply Depot  
  185  10:17  Marine x4  
  188  10:28  Marine x3  
  187  10:29  Marine x2  
  187  10:35  Marine x4, Siege Tank  
  189  10:45  Marine  
  189  10:46  Marine x2  
  189  10:47  Barracks, Marine x2  
  194  10:50  Barracks  
  194  10:53  Marine x2  
  196  11:01  Marine x2  
  196  11:03  Medivac, Marine x2  
  196  11:04  Marine x2  
  196  11:05  Marine  
  196  11:10  Marine  
  196  11:22  Marine x4  
  196  11:24  Marine  
  196  11:25  Marine  
  196  11:28  Marine x3  
  196  11:29  Medivac  
  183  11:33  Medivac  
  162  11:40  Marine x4  
  162  11:41  Marine  
  162  11:44  Siege Tank  
  162  11:47  Marine x4  
  167  11:51  SCV x3  
  174  11:58  Marine x4  
  174  11:59  Medivac, Marine  
  181  12:01  Terran Infantry Weapons Level 3  
  181  12:03  Medivac  
  181  12:04  Marine  
  181  12:05  Marine x3  
  168  12:15  Marine  
  168  12:16  Marine x3  
  168  12:17  Marine, Barracks Tech Lab x2  
  168  12:22  Marine  
  173  12:23  Marine x2  
  173  12:25  SCV x2  
  173  12:26  SCV, Refinery  
  173  12:28  Supply Depot  
  173  12:29  Medivac  
  181  12:33  Medivac  
  181  12:34  Marauder  
  185  12:37  SCV  
  185  12:38  SCV x2  
  185  12:39  Marauder, Marine  
  185  12:41  Siege Tank  
  194  12:50  SCV  
  195  12:53  Supply Depot  
  186  13:15  Supply Depot  
  186  13:16  Supply Depot  
  177  13:30  Terran Infantry Armor Level 3  
  172  13:37  Marine x5, Siege Tank  
  172  13:38  Marauder, Siege Tank  
  180  13:48  Marine  
  180  13:49  Marine  
  180  13:52  Missile Turret  
  180  13:56  Supply Depot  
  180  14:12  Command Center  
  180  14:14  Sensor Tower  
  180  14:17  SCV, Marine x5, Marauder  
  180  14:18  Ghost Academy  
  180  14:22  Supply Depot  
  188  14:25  Terran Vehicle Weapons Level 2  
  188  14:28  Supply Depot  
  188  14:34  Supply Depot, Refinery  
  188  14:40  Missile Turret  
  188  14:43  Marine x3, Siege Tank  
  188  14:44  Marauder x2, Liberator x2, Siege Tank  
  188  14:45  Marauder  
  196  14:49  Siege Tank  
  194  14:59  Marine x4  
  191  15:04  Ghost  
  191  15:06  Marauder, Marine  
  191  15:07  Marauder, Marine x2  
  197  15:08  Marine  
  197  15:11  Command Center  
  200  15:27  Command Center  
  200  15:36  Enhanced Shockwaves  
  200  15:42  Command Center  
  200  15:45  Command Center  
  200  15:49  Missile Turret  
  200  15:51  Sensor Tower  
  189  15:58  Marauder, Marine x3  
  189  15:59  Marauder, Marine x2  
  189  16:00  Marauder, Marine  
  189  16:02  Marine x2  
  190  16:11  Concussive Shells  
  190  16:15  Marine  
  190  16:16  Marine  
  189  16:19  Medivac x2  
  189  16:20  Marauder x2  
  189  16:22  Marauder  
  194  16:40  Ghost  
  194  16:46  Ghost x2  
  200  16:48  Orbital Command  
  200  16:52  Liberator x2  
  195  16:54  Personal Cloaking  
  195  16:55  Planetary Fortress  
  193  17:13  Orbital Command x2  
  193  17:18  Orbital Command  
  167  17:24  Ghost x2  
  167  17:25  Marine x2  
  167  17:27  Marine x2, Siege Tank x2  
  167  17:28  Marauder  
  180  17:32  Marine  
  180  17:34  Missile Turret  
  180  17:35  SCV x3  
  184  17:42  Marine  
  184  17:43  Marine  
  185  17:44  Marine  
  185  17:47  SCV x2  
  185  17:48  Ghost  
  185  17:51  Siege Tank  
  193  17:56  Orbital Command  
  193  17:58  Marine  
  193  18:06  Marine x3, Ghost  
  193  18:08  Marine  
  193  18:10  Marine  
  198  18:26  Marine  
  194  18:27  Marauder  
  194  18:30  Ghost  
  197  18:34  Siege Tank, Ghost  
  197  18:35  Siege Tank  
  183  18:51  Medivac x2  
  178  19:05  Marine x2  
  178  19:06  Marauder  
  178  19:07  Siege Tank  
  178  19:08  Siege Tank  
  184  19:14  Marine  
  184  19:15  Marauder  
  187  19:21  Medivac x2  
  191  19:33  Nuke  
  187  19:50  Siege Tank  
  187  20:04  Marine  
  187  20:05  Marauder  
  181  20:14  Liberator x2  
  181  20:16  Marine  
  181  20:17  Marauder x2, Marine x2  
  167  20:35  Siege Tank  
  167  20:38  Marauder, Marine  
  162  20:50  Orbital Command  
  162  20:51  Marauder, Marine x4  
  164  20:57  Liberator  
  164  20:59  Marauder, Marine x2  
  164  21:00  Ghost  
  164  21:01  Siege Tank  
  164  21:02  SCV x2  
  162  21:08  Liberator  
  162  21:10  SCV x2  
  164  21:11  SCV  
  164  21:12  SCV, Ghost  
  164  21:13  Factory Tech Lab  
  164  21:17  Orbital Command  
  168  21:20  Ghost  
  168  21:22  Marine  
  174  21:25  Siege Tank  
  174  21:26  Marine  
  174  21:27  Marine x3  
  174  21:28  Ghost  
  174  21:31  Marine  
  181  21:36  Marine  
  181  21:39  SCV x3  
  183  21:40  SCV, Liberator  
  183  21:41  Marauder  
  188  21:49  Marauder  
  190  21:56  Marine  
  190  21:58  Marauder  
  190  21:59  Marine x4  
  174  22:01  Marine  
  174  22:03  Marauder  
  174  22:05  Medivac, Marine  
  180  22:11  Marauder  
  180  22:12  Marine  
  180  22:13  Siege Tank  
  171  22:16  Marine x2  
  171  22:19  Marauder  
  175  22:23  Medivac  
  175  22:24  Marauder  
  175  22:26  Marine  
  179  22:32  Marauder  
  180  22:40  Marauder  
  182  22:46  Marauder  
  166  22:53  Marauder  
Show
View Real Time Build Order
Export as new Build Order

Dark Zerg - Winner!

Build Orders: Pool First, Lurkers 

Get SALT Encoding   

  12  0:00  Drone  
  13  0:10  Extractor  
  12  0:24  Spawning Pool  
  11  0:29  Drone  
  11  0:33  Drone  
  13  0:39  Drone  
  14  0:51  Overlord  
  14  1:09  Drone x2  
  14  1:11  Metabolic Boost  
  16  1:15  Zergling x2  
  17  1:22  Zergling x2  
  18  1:33  Zergling x2  
  19  1:44  Hatchery  
  19  1:47  Zergling x2  
  19  1:55  Zergling x2  
  19  1:58  Queen  
  22  2:07  Overlord  
  22  2:26  Drone  
  23  2:33  Extractor  
  23  2:35  Drone  
  23  2:41  Drone  
  25  2:47  Queen  
  25  2:48  Overlord  
  27  2:56  Queen  
  27  2:57  Drone  
  30  2:59  Drone  
  30  3:05  Drone x3  
  34  3:13  Overlord  
  34  3:14  Drone  
  34  3:18  Drone  
  36  3:31  Drone  
  36  3:32  Drone  
  38  3:35  Hatchery  
  38  3:38  Drone  
  38  3:40  Drone  
  39  3:44  Drone  
  39  3:45  Drone  
  39  3:47  Drone  
  42  3:54  Queen  
  44  3:56  Drone  
  44  3:59  Drone  
  44  4:00  Drone  
  47  4:09  Overlord  
  47  4:10  Roach Warren  
  47  4:13  Drone x2  
  47  4:14  Drone  
  49  4:18  Overlord  
  49  4:20  Drone  
  50  4:25  Spore Crawler  
  49  4:32  Drone x3  
  49  4:33  Lair  
  49  4:36  Extractor  
  49  4:37  Drone x2  
  53  4:43  Drone x2  
  55  4:52  Overlord  
  55  4:53  Drone x3  
  55  4:56  Drone x3  
  61  5:01  Spore Crawler  
  61  5:02  Queen, Spore Crawler  
  61  5:04  Drone  
  62  5:11  Extractor, Drone x3  
  62  5:12  Extractor  
  62  5:13  Drone x2  
  65  5:15  Drone  
  65  5:17  Drone  
  65  5:19  Drone  
  65  5:20  Drone  
  70  5:28  Drone x2  
  70  5:29  Drone  
  70  5:31  Drone x3  
  70  5:32  Drone x2  
  70  5:35  Drone  
  79  5:36  Glial Reconstitution  
  79  5:40  Drone x3  
  82  5:43  Extractor  
  82  5:46  Extractor  
  82  5:47  Drone x2  
  82  5:48  Overlord  
  82  5:51  Evolution Chamber x2  
  82  5:54  Drone  
  82  5:56  Drone  
  82  6:02  Overlord x3  
  82  6:09  Roach x4  
  90  6:16  Overlord x2  
  90  6:17  Hatchery  
  89  6:20  Overseer  
  89  6:21  Roach  
  89  6:22  Overseer, Roach x3  
  89  6:25  Zerg Missile Weapons Level 1  
  92  6:29  Zerg Ground Armor Level 1  
  92  6:30  Drone  
  90  6:34  Drone  
  90  6:37  Drone x4  
  95  6:42  Spore Crawler  
  95  6:44  Drone  
  95  6:45  Drone  
  96  6:47  Drone  
  97  6:56  Roach x2  
  97  6:57  Roach x3  
  107  7:02  Roach  
  107  7:07  Drone  
  107  7:08  Roach  
  110  7:13  Drone  
  106  7:18  Drone x2  
  106  7:22  Tunneling Claws  
  108  7:23  Burrow  
  108  7:24  Drone  
  108  7:25  Roach  
  108  7:26  Roach x5  
  108  7:27  Infestation Pit  
  120  7:31  Roach x2  
  120  7:34  Roach x2  
  120  7:35  Ravager x2  
  120  7:36  Ravager x2  
  132  7:40  Zergling x2  
  132  7:43  Roach  
  135  7:44  Overlord  
  135  7:47  Overlord  
  135  7:55  Roach x5  
  135  7:57  Roach  
  134  7:59  Roach  
  134  8:01  Overlord  
  134  8:03  Zergling x2  
  126  8:06  Roach  
  126  8:07  Ravager x2  
  126  8:08  Roach  
  126  8:12  Drone x3  
  135  8:15  Drone x2  
  135  8:16  Drone  
  135  8:17  Extractor  
  135  8:18  Extractor, Drone x2, Nydus Network  
  137  8:26  Hatchery, Roach x5  
  146  8:30  Drone x2  
  145  8:34  Roach  
  147  8:42  Zerg Missile Weapons Level 2, Pathogen Glands  
  147  8:44  Overseer  
  149  8:48  Roach x2  
  149  8:49  Drone x3  
  149  8:54  Zerg Ground Armor Level 2  
  154  8:58  Overlord  
  154  8:59  Overlord  
  154  9:00  Nydus Canal  
  154  9:01  Roach x2  
  158  9:03  Roach  
  158  9:06  Roach  
  158  9:08  Overlord  
  160  9:10  Overlord  
  160  9:16  Roach x2  
  160  9:23  Roach  
  160  9:24  Roach x7  
  176  9:26  Roach x3  
  176  9:27  Roach x4  
  176  9:29  Roach  
  176  9:30  Roach  
  176  9:31  Roach x3  
  184  9:38  Hatchery  
  184  9:42  Overseer  
  183  9:46  Infestor  
  183  9:47  Infestor x2  
  183  9:53  Roach x3, Overlord  
  183  9:55  Roach  
  183  9:56  Roach  
  183  9:57  Ravager x3  
  186  10:02  Roach, Overlord  
  186  10:05  Infestor, Overlord  
  188  10:08  Spore Crawler  
  188  10:12  Spore Crawler x2  
  188  10:13  Spore Crawler  
  184  10:18  Roach  
  184  10:20  Zergling x16, Ravager x2  
  184  10:21  Zergling x24  
  200  10:22  Infestor x3  
  200  10:23  Hive  
  199  10:33  Hydralisk Den  
  198  10:37  Roach x2  
  198  10:40  Roach  
  195  10:53  Roach x2  
  195  10:56  Nydus Canal  
  196  10:57  Roach x3  
  196  11:03  Roach x5  
  197  11:08  Roach x4  
  198  11:20  Roach  
  197  11:31  Roach x13  
  197  11:38  Infestor x2  
  185  11:41  Roach  
  187  11:48  Drone x2  
  187  11:52  Drone x4  
  193  11:57  Lurker Den  
  192  12:03  Extractor  
  187  12:13  Drone  
  174  12:18  Zerg Ground Armor Level 3, Zerg Missile Weapons Level 3  
  174  12:20  Roach x3  
  180  12:26  Drone x5  
  180  12:27  Drone  
  186  12:30  Ravager x2  
  186  12:35  Roach x3  
  194  12:37  Roach x2  
  194  12:42  Nydus Canal  
  198  12:57  Roach x16, Viper  
  198  12:58  Adaptive Talons  
  193  13:02  Viper  
  190  13:16  Extractor  
  190  13:17  Extractor  
  176  13:28  Roach x6  
  176  13:33  Hydralisk x5  
  182  13:39  Nydus Canal  
  182  13:43  Hydralisk  
  182  13:44  Hydralisk  
  182  13:45  Zergling x6  
  182  13:47  Zergling x6  
  188  13:48  Spore Crawler  
  188  13:49  Spore Crawler  
  186  13:56  Hydralisk x3  
  186  13:59  Seismic Spines, Grooved Spines  
  192  14:03  Lurker x4  
  192  14:20  Lurker  
  192  14:21  Hatchery, Lurker x2  
  192  14:22  Overlord  
  194  14:24  Lurker  
  194  14:26  Drone x2  
  197  14:38  Spore Crawler  
  196  14:40  Viper  
  184  14:57  Hydralisk x6  
  191  15:02  Drone  
  191  15:05  Spore Crawler  
  191  15:08  Lurker x2  
  191  15:09  Drone x3  
  191  15:12  Extractor, Drone x3  
  198  15:16  Zerg Melee Weapons Level 1  
  198  15:24  Hatchery  
  197  15:28  Spore Crawler  
  197  15:31  Spore Crawler  
  197  15:34  Drone  
  197  15:35  Pneumatized Carapace  
  196  15:40  Spore Crawler  
  196  15:42  Spore Crawler x2  
  193  15:43  Drone x4, Spore Crawler x2  
  191  15:59  Drone x2  
  191  16:00  Drone  
  190  16:10  Drone x8  
  176  16:13  Drone  
  176  16:14  Drone  
  176  16:15  Hydralisk x3  
  176  16:16  Hydralisk x2  
  176  16:17  Hydralisk x2  
  188  16:21  Hydralisk  
  188  16:23  Drone  
  188  16:24  Hydralisk, Drone  
  192  16:30  Muscular Augments  
  190  16:45  Hatchery  
  190  16:46  Drone x3  
  189  16:53  Hatchery  
  188  16:55  Lurker x2, Drone x3  
  188  16:56  Drone x2  
  195  17:10  Hydralisk x2  
  199  17:18  Hydralisk, Infestor x4  
  199  17:22  Hydralisk  
  189  17:29  Nydus Canal  
  191  17:32  Hydralisk  
  191  17:33  Hydralisk  
  191  17:35  Drone x4  
  191  17:36  Infestor, Drone  
  200  17:45  Zerg Melee Weapons Level 2  
  200  17:49  Baneling Nest  
  199  17:59  Lurker  
  199  18:05  Spore Crawler  
  199  18:06  Drone  
  199  18:08  Overlord  
  199  18:11  Unknown  
  199  18:17  Lurker x2  
  199  18:19  Spore Crawler  
  196  18:20  Spore Crawler  
  196  18:21  Lurker x2  
  176  18:29  Hydralisk x4  
  176  18:32  Hydralisk x3  
  176  18:33  Hydralisk x3  
  179  18:36  Lurker x2  
  179  18:40  Roach  
  174  18:42  Spore Crawler  
  174  18:43  Hydralisk x3  
  174  18:45  Spore Crawler  
  159  18:50  Hydralisk x4, Lurker  
  159  18:54  Drone  
  159  18:55  Drone  
  164  18:56  Drone x9  
  164  19:00  Hydralisk x2  
  164  19:01  Lurker, Extractor x2  
  162  19:07  Lurker x5  
  164  19:10  Lurker  
  164  19:11  Hatchery, Drone x5  
  164  19:13  Drone x2  
  171  19:17  Infestor x4  
  171  19:21  Lurker  
  171  19:23  Lurker x2  
  174  19:25  Drone x6  
  174  19:26  Hatchery, Lurker x3  
  174  19:27  Lurker  
  174  19:30  Overseer x4  
  183  19:33  Drone x2  
  183  19:36  Lurker x4  
  189  19:41  Nydus Canal  
  169  20:01  Zergling x44  
  189  20:08  Zergling x4  
  189  20:13  Hydralisk x2  
  189  20:14  Zergling x10  
  179  20:22  Zergling x2  
  178  20:32  Hydralisk x2  
  169  20:36  Zergling x22  
  169  20:41  Hydralisk  
  169  20:42  Drone x2  
  172  20:48  Hydralisk x2  
  164  20:50  Zergling x10  
  164  20:55  Zergling x12  
  166  20:58  Hydralisk x2  
  166  20:59  Hatchery  
  159  21:04  Zergling x2  
  159  21:05  Hydralisk x2  
  159  21:06  Hydralisk x2  
  159  21:07  Zergling x6  
  159  21:09  Lurker  
  159  21:10  Lurker  
  169  21:15  Hydralisk, Overseer x4  
  169  21:17  Zergling x2  
  169  21:18  Zergling x10  
  177  21:20  Lurker x2  
  177  21:23  Hydralisk  
  177  21:25  Zergling x2, Extractor  
  176  21:27  Extractor  
  176  21:28  Zergling x12, Centrifical Hooks  
  176  21:30  Zergling x2  
  176  21:32  Lurker  
  183  21:35  Lurker  
  183  21:38  Baneling x7  
  183  21:39  Zergling x20  
  189  21:43  Nydus Canal  
  189  21:44  Lurker x2  
  189  21:46  Zergling x4  
  193  21:47  Spine Crawler  
  193  21:48  Spine Crawler  
  187  21:58  Hydralisk x2  
  185  22:03  Zergling x8  
  185  22:04  Baneling x4  
  186  22:09  Overseer x4  
  186  22:13  Hydralisk x2  
  186  22:14  Zergling x24  
  172  22:16  Zergling x8  
  172  22:19  Zergling x2  
  175  22:27  Zergling x12  
  175  22:28  Zergling x4, Spore Crawler  
  176  22:32  Hydralisk x2  
  176  22:36  Zergling x14  
  187  22:47  Hydralisk  
  187  22:48  Hydralisk  
  191  22:55  Zergling x16  

Tags
 
Composition
Lurkers
Matchup
TvZ
Opening
Pool First
Spawn Locations
Cross Positions
Add a new tag
Caveats
  • Supply blocks, unpowered buildings, or Contaminate may cause inaccurate times.
  • Supply counts are checked every 10 seconds.